Orko, chaotic male orcish Wizard --------- |.......| |....<..| |.......| ----.---- # ## #### # ####### # -.------######## # ....h@.|## ### --------.- |..o@...## # |........| |./....|# ##.........| -------- |........| +........| ---------- Orko the Conjurer Experience level: 3 Strength: 11 Dexterity: 18 Constitution: 7 Intelligence: 16 Wisdom: 10 Charisma: 12 Health: 0(26) Energy: 26(38) Def: 1 Gold: 149 Moves: 872 Dungeon seed: 414bgjmBbIeNeJge Game ID: Orko_1571110307 Your Inventory: Rings C - an uncursed ring of shock resistance (on left hand) D - an uncursed ring of see invisible Armor n - an uncursed +0 cloak of magic resistance (being worn) Weapons a - a blessed +1 quarterstaff (weapon in hands) r - 7 uncursed +0 darts Wands b - an uncursed wand of fire (0:7) Potions f - an uncursed potion of healing h - an uncursed potion of extra healing o - an uncursed potion of gain ability Scrolls i - 2 uncursed scrolls of identify j - an uncursed scroll of destroy armor q - a blessed scroll of magic mapping w - an uncursed scroll of food detection Comestibles M - an uncursed food ration N - an uncursed pear Tools m - an uncursed magic marker (0:34) p - an uncursed towel Gems e - an uncursed worthless piece of white glass x - 6 uncursed rocks Coins $ - 149 gold pieces Spells and supernatural/magical abilities: Name Level Category Fail Memory a - force bolt 1 attack 0% 96% s - slow monster 2 enchantment 0% 96% W - pray for help -- divine ? -- Your skills at the end: Fighting Skills Weapon Skills quarterstaff [Basic] Spellcasting Skills attack spells [Basic] enchantment spells [Basic] Final Attributes: You were piously aligned. You were shock resistant. You were poison resistant. You were magic-protected. You were hallucinating. You had infravision. You are dead. Vanquished creatures: a kitten a dwarf zombie a werejackal an acid blob a large kobold 2 giant rats 4 jackals 2 kobolds 3 grid bugs a bat a lichen a kobold zombie 3 newts and a partridge in a pear tree 22 creatures vanquished. Voluntary challenges: You were an atheist. You used a wielded weapon 12 times, starting on turn 27. You were illiterate. You never genocided any monsters. You never polymorphed an object. You never changed form. You used no wishes. You never split a pudding. You never wrote Elbereth's name. You never violated your personal moral code. You abstained from Elbereth's help. You werepermanently hallucinating. Dungeon overview: The Dungeons of Doom: levels 1 to 5 Level 1 a long staircase Level 2 Level 3 a fountain Level 4 Level 5 <- You were here History has recorded: On T:1 you entered the Dungeons of Doom to retrieve the Amulet of Yendor! On T:383 you reached level 2 of The Dungeons of Doom. On T:560 you reached level 3 of The Dungeons of Doom. On T:581 you advanced to experience level 2. On T:586 you reached level 4 of The Dungeons of Doom. On T:704 you advanced to experience level 3. On T:828 you reached level 5 of The Dungeons of Doom. Score breakdown: Gold: 149 ( 7402 points) Experience: 3 levels ( 7878 points) Exploration: 5 levels ( 10.42%) ( 8751 points) Discoveries: 0 items ( 0.00%) ( 0 points) Valuables value: (no points given unless you survive) Artifact value: 0 ( 0 points) Variety of kills: 13 monsters ( 3.41%) ( 5541 points) Turncount: 872 turns ( 0 points) Survival: died (score multiplied by 80%) Total score: 23657 Latest messages: The ice troll hits! You destroy the efreeti! You see here a scroll labeled LEP GEX VEN ZEA. Barney the dinosaur just misses! The samurai rabbit bites! The gnome mummy bites! The silver dragon bites! w - a scroll labeled LEP GEX VEN ZEA. q - a scroll labeled XIXAXA XOXAXA XUXAXA. The baby silver dragon bites! The jester bites! The amazon bites! The rock mole bites! The tripe ration misses it. The smurf bites! The stalker bites! The hydra bites! You die... Final status: Goodbye Orko the Wizard, killed by a hallucinogen-distorted bat... You died in The Dungeons of Doom on dungeon level 5 with 23657 points, and 149 pieces of gold, after 872 moves. You were level 3 with a maximum of 26 hit points when you died.